 Dungeon Crawl Stone Soup version 0.31-a0-229-g1fc7ce93e2 (webtiles) character file.

Game seed: 16723982710522019947

47107 qw the Marksminotaur (level 14, -8/129 HPs)
             Began as a Minotaur Hexslinger on July 6, 2023.
             Was an Elder of Okawaru.
             Mangled by a skeletal warrior
             ... wielding a +2 glaive of venom
              (20 damage)
             ... on level 12 of the Dungeon.
             The game lasted 00:06:20 (16331 turns).

qw the Marksminotaur (Minotaur Hexslinger)         Turns: 16331, Time: 00:06:20

Health: -8/129     AC: 13    Str: 14    XL:     14   Next: 7%
Magic:  20/20      EV: 20    Int: 13    God:    Okawaru [****..]
Gold:   657        SH:  0    Dex: 17    Spells: 14/15 levels left

rFire   . . .        g - +3 longbow of Cixaj {heavy, Int+3}
rCold   . . .        (shield currently unavailable)
rNeg    . . .        u - +0 troll leather armour
rPois   .            (helmet restricted)
rElec   .            e - +0 cloak
rCorr   .            b - +2 pair of gloves
SInv    +            h - +1 pair of boots
Will    +....        d - amulet of faith
Stlth   +++          j - +4 ring of slaying {mikee}
HPRegen 1.21/turn    a - ring of see invisible
MPRegen 0.17/turn

%: faith
@: lethally poisoned (-8 -> -19), about to teleport, heroic
A: horns 2, retaliatory headbutt
a: Renounce Religion, Heroism, Finesse


You were on level 12 of the Dungeon.
You worshipped Okawaru.
Okawaru was greatly pleased with you.
You visited 3 branches of the dungeon, and saw 18 of its levels.

You collected 1106 gold pieces.
You spent 449 gold pieces at shops.


Innate Abilities, Weirdness & Mutations

You have a pair of horns on your head.
You reflexively headbutt those who attack you in melee.


   Skills:
 - Level 13.0(18.0) Fighting
 + Level 19.0(24.0) Ranged Weapons
 - Level 6.0(11.0) Armour
 - Level 9.2(14.2) Dodging
 - Level 1.0 Spellcasting
 - Level 2.0 Hexes
 - Level 10.0 Invocations


You had 14 spell levels left.
You knew the following spells:

 Your Spells              Type           Power      Damage    Failure   Level
a - Slow                  Hex            20%        N/A       14%         1

Your spell library contained the following spells:

 Spells                   Type           Power      Damage    Failure   Level
 Inner Flame              Hex/Fire       3%         N/A       54%         3
 Portal Projectile        Hex/Tloc       6%         N/A       54%         3
 Cause Fear               Hex            2%         N/A       82%         4

Inventory:

Hand Weapons
 g - the +3 longbow of Cixaj (weapon) {heavy, Int+3}
   (Okawaru gifted it to you on level 3 of the Lair of Beasts)

   Int:       It affects your intelligence (+3).
Armour
 b - a +2 pair of gloves (worn)
 e - a +0 cloak (worn)
 h - a +1 pair of boots (worn)
 m - a +1 robe of fire resistance
 u - a +0 troll leather armour (worn)
Jewellery
 a - a ring of see invisible (right hand)
 d - an amulet of faith (around neck)
 j - a +4 ring of slaying (left hand) {mikee}
 p - an amulet of regeneration
 q - a +4 ring of protection
Wands
 l - a wand of digging (5)
Scrolls
 f - 7 scrolls of identify
 n - 2 scrolls of teleportation
 t - 2 scrolls of brand weapon
Potions
 c - 2 potions of might
 i - 4 potions of enlightenment
 k - a potion of cancellation
 o - a potion of mutation
 r - 2 potions of heal wounds
 v - a potion of haste

Dungeon Overview and Level Annotations

Branches:
Dungeon (12/15)            Temple (1/1) D:6            Lair (5/5) D:10
 Shoals (0/4) Lair:3        Snake (0/4) Lair:3        Slime (0/5) Lair:4
    Orc: D:9-12

Altars:
Ashenzari
Cheibriados
Dithmenos
Elyvilon
Fedhas
Gozag
Hepliaklqana
Kikubaaqudgha
Makhleb
Nemelex Xobeh
Okawaru
Qazlal
Ru
Sif Muna
Trog
Uskayaw
Vehumet
Wu Jian
Xom
Yredelemnul
Zin
The Shining One
Jiyva

Shops:
D:7 [   D:8 ?   D:9 (:=(*

Annotations:
D:4 3 runed translucent doors, qw's ghost, amateur GrHs
D:6 3 runed translucent doors, qw's ghost, novice GrFi
D:9 1 runed translucent door, qw's ghost, journeyman GrFi
Lair:3 1 runed translucent door


Message History

A centaur comes into view.
The centaur shoots an arrow.
The arrow closely misses you.
The centaur shoots an arrow.
The arrow closely misses you.
The skeletal warrior hits you from afar with a +2 glaive of venom!
The skeletal warrior hits you with a +0 hand axe.
The centaur shoots an arrow.
The arrow closely misses you.
The centaur moves out of view.
You shoot an arrow. The arrow hits the skeletal warrior!!!
The skeletal warrior is severely damaged.
You hear a shout! x3
The centaur shoots an arrow.
The arrow hits you.
The centaur shoots an arrow.
The arrow hits you.
The skeletal warrior closely misses you.
A troll comes into view.
The skeletal warrior barely misses you.
The centaur wields a +0 orcbow.
The centaur shoots an arrow.
The arrow barely misses you.
You shoot an arrow. The arrow hits the skeletal warrior!
The skeletal warrior is almost destroyed.
The centaur shoots an arrow.
The arrow hits you but does no damage.
The centaur shoots an arrow.
The arrow hits you.
The skeletal warrior completely misses you.
The skeletal warrior misses you.
The centaur shoots an arrow.
The arrow hits you.
The centaur shoots an arrow.
The arrow misses you.
You shoot an arrow. The arrow hits the skeletal warrior!!!
You destroy the skeletal warrior!
Okawaru accepts your kill.
The centaur shoots an arrow.
The arrow barely misses you.
The centaur shoots an arrow.
The arrow hits you but does no damage.
An orc comes into view. It is wielding a +0 dagger.
The skeletal warrior hits you from afar with a +2 glaive of venom!!
You are poisoned.
The centaur shoots an arrow.
The arrow hits you.
Your base Fighting skill increases to level 13!
16331 ||| READING 3 scrolls of teleportation.
As you read the scroll of teleportation, it crumbles to dust.
You feel strangely unstable.
You feel very sick.
The centaur shoots an arrow.
The arrow hits you but does no damage.
The skeletal warrior hits you from afar with a +2 glaive of venom!!
You die...

#. #..# . ....#
# #. #..?.#
#.##. .....##
.... .....o.
#..###.....#
#..#..#...#
#z<)#.$..##
.z..z[.#@....T..
.......##.#.....
....... .# ##..
....... ..
...!... ..#
.#.####


c.c .. .c># .#.. You could see a skeletal warrior, a troll, 3 centaurs and an
orc.

Vanquished Creatures
  Gastronok (D:11)
  A dire elephant (Lair:5)
  2 hydras (Lair:2)
  4 catoblepae
  Erica (D:8)
  3 two-headed ogres
  A deep troll shaman (Lair:5)
  5 death yaks
  Sonja (Lair:4)
  3 skysharks
  2 skeletal warriors (D:12)
  Pikel (D:5)
  A manticore (D:7)
  2 black mambas (Lair:5)
  Maurice (D:11)
  7 elephants (Lair:5)
  A torpor snail (Lair:1)
  9 cane toads
  5 rime drakes
  9 komodo dragons
  5 polar bears
  26 blink frogs
  Grinder (D:4)
  9 spriggans (Lair:2)
  2 wyverns (Lair:1)
  A wraith (D:11)
  37 yaks
  Grum (D:11)
  2 basilisks (Lair:4)
  A steam dragon (D:7)
  3 vampire mosquitoes (D:11)
  An acid dragon (D:7)
  4 nagas (Lair:3)
  Duvessa (D:5)
  11 water moccasins
  4 orc warriors
  2 sky beasts (D:7)
  5 ice beasts
  4 black bears
  5 ogres
  5 centaurs
  14 wolves
  2 phantoms
  3 lemures (D:5)
  4 kobold brigands
  10 bullfrogs
  A gnoll sergeant (D:7)
  3 scorpions
  6 wights
  Dowan (D:5)
  4 killer bees (D:10)
  2 howler monkeys (D:8)
  An electric eel (Lair:5)
  9 hounds
  2 jellies
  2 sleepcaps
  A gnoll bouda (D:8)
  3 orc priests
  Jessica (D:2)
  Ijyb (D:5)
  11 orc wizards
  Robin (D:2)
  13 gnolls
  8 adders
  A shadow imp (D:7)
  2 ufetubi
  40 orcs
  5 bats
  13 endoplasms
  4 giant cockroaches
  15 goblins
  5 hobgoblins
  A quokka (D:2)
  6 ball pythons
  2 frilled lizards
  17 kobolds
  4 rats
408 creatures vanquished.

Notes
Turn   | Place    | Note
-------+----------+-------------------------------------------
     0 | D:1      | qw the Minotaur Hexslinger began the quest for the Orb.
     0 | D:1      | Reached XP level 1. HP: 16/16 MP: 1/1
     0 | D:1      | 0 ||| qw: Version: 0.3-a-46-gb1f654a
     0 | D:1      | 0 ||| qw: Game counter: 1199
     0 | D:1      | 0 ||| qw: Melee chars always use a shield: true
     0 | D:1      | 0 ||| qw: God list: Okawaru
     0 | D:1      | 0 ||| qw: Allow faded altars: false
     0 | D:1      | 0 ||| qw: Do Orc after clearing Dungeon:15 true
     0 | D:1      | 0 ||| qw: Do second Lair branch before Depths: true
     0 | D:1      | 0 ||| qw: Lair rune preference: random
     0 | D:1      | 0 ||| qw: Goals: Normal
     0 | D:1      | 0 ||| PLANNING D:1-11
   104 | D:1      | Reached skill level 3 in Ranged Weapons
   104 | D:1      | Reached XP level 2. HP: 12/23 MP: 2/2
   251 | D:1      | 251 ||| FLEEEEING.
   252 | D:1      | 252 ||| FLEEEEING.
   253 | D:1      | 253 ||| FLEEEEING.
   255 | D:1      | 255 ||| FLEEEEING.
   559 | D:1      | Reached XP level 3. HP: 25/29 MP: 3/3
   670 | D:1      | 670 ||| UPGRADING to +0 ring mail.
   680 | D:1      | 680 ||| DROPPING +0 robe.
   681 | D:1      | 681 ||| UPGRADING to +0 pair of boots.
   686 | D:1      | 686 ||| UPGRADING to +4 ring of slaying {mikee}.
   687 | D:1      | 687 ||| READING scroll labelled XEATYJ VIFEBBY.
   688 | D:1      | 688 ||| READING scroll labelled EXOUPH RIUBAI.
   689 | D:1      | 689 ||| READING scroll labelled BUM PUV YHIRAE.
   690 | D:1      | 690 ||| READING scroll labelled ZYNODD PELIMU.
   691 | D:1      | 691 ||| DROPPING scroll of poison.
   726 | D:2      | Found a glowing golden altar of the Shining One.
   779 | D:2      | 779 ||| FLEEEEING.
   780 | D:2      | 780 ||| FLEEEEING.
   904 | D:2      | Noticed Robin
   907 | D:2      | Killed Robin
   908 | D:2      | Reached skill level 4 in Ranged Weapons
   920 | D:2      | Reached skill level 1 in Armour
  1017 | D:2      | Noticed Jessica
  1022 | D:2      | Reached XP level 4. HP: 36/36 MP: 4/4
  1024 | D:2      | Killed Jessica
  1197 | D:2      | Found a faded altar of an unknown god.
  1326 | D:2      | 1326 ||| READING 2 scrolls labelled MONEKL ATUTI.
  1327 | D:2      | 1327 ||| READING scroll labelled PENUORGHAMA.
  1328 | D:2      | 1328 ||| READING scroll labelled ETI DIMIKLOASE.
  1333 | D:2      | 1333 ||| READING scroll labelled FEHUOWNEPHE.
  1334 | D:2      | 1334 ||| DRINKING 3 pink potions.
  1335 | D:2      | 1335 ||| DROPPING scroll of immolation.
  1485 | D:3      | Noticed an ice beast
  1496 | D:3      | HP: 9/36 [ice beast (10)]
  1497 | D:3      | Reached skill level 5 in Ranged Weapons
  1499 | D:3      | Killed an ice beast
  1500 | D:3      | Reached XP level 5. HP: 13/46 MP: 5/5
  1500 | D:3      | 1500 ||| FLEEEEING.
  1501 | D:3      | 1501 ||| FLEEEEING.
  1502 | D:3      | 1502 ||| FLEEEEING.
  1503 | D:3      | 1503 ||| FLEEEEING.
  1504 | D:3      | 1504 ||| FLEEEEING.
  1505 | D:3      | 1505 ||| FLEEEEING.
  1506 | D:3      | 1506 ||| FLEEEEING.
  1507 | D:3      | 1507 ||| FLEEEEING.
  1508 | D:3      | 1508 ||| FLEEEEING.
  1509 | D:3      | 1509 ||| FLEEEEING.
  1510 | D:3      | 1510 ||| FLEEEEING.
  1511 | D:3      | 1511 ||| FLEEEEING.
  1512 | D:3      | 1512 ||| FLEEEEING.
  1513 | D:3      | 1513 ||| FLEEEEING.
  1514 | D:3      | 1514 ||| FLEEEEING.
  1515 | D:3      | 1515 ||| FLEEEEING.
  1516 | D:3      | 1516 ||| FLEEEEING.
  1517 | D:3      | 1517 ||| FLEEEEING.
  1518 | D:3      | 1518 ||| FLEEEEING.
  1519 | D:3      | 1519 ||| FLEEEEING.
  1520 | D:3      | 1520 ||| FLEEEEING.
  1521 | D:3      | 1521 ||| FLEEEEING.
  1522 | D:3      | 1522 ||| FLEEEEING.
  1523 | D:3      | 1523 ||| FLEEEEING.
  1992 | D:3      | 1992 ||| DRINKING 2 potions of curing.
  1992 | D:3      | 1992 ||| (to cure confusion)
  1997 | D:3      | Reached XP level 6. HP: 52/52 MP: 6/6
  2123 | D:3      | 2123 ||| UPGRADING to ring of see invisible.
  2124 | D:3      | 2124 ||| READING scroll labelled BOELOH USOTYD.
  2149 | D:4      | Noticed an ice beast
  2158 | D:4      | Killed an ice beast
  2159 | D:4      | Reached skill level 6 in Ranged Weapons
  2203 | D:4      | Noticed qw's ghost (amateur GrHs)
  2207 | D:4      | Noticed Grinder
  2219 | D:4      | 2219 ||| FLEEEEING.
  2220 | D:4      | 2220 ||| FLEEEEING.
  2221 | D:4      | 2221 ||| FLEEEEING.
  2222 | D:4      | 2222 ||| FLEEEEING.
  2223 | D:4      | 2223 ||| STAIRDANCE
  2328 | D:3      | 2328 ||| READING scroll labelled LUKINU QAPEX.
  2329 | D:3      | 2329 ||| DRINKING 2 blue potions.
  2333 | D:4      | Paralysed by Grinder for 2 turns
  2335 | D:4      | Killed Grinder
  2336 | D:4      | Reached skill level 7 in Ranged Weapons
  2336 | D:4      | Reached XP level 7. HP: 59/59 MP: 7/7
  2375 | D:4      | Reached skill level 8 in Ranged Weapons
  2542 | D:4      | Found a runed translucent gate.
  2543 | D:4      | Found a runed translucent gate.
  2545 | D:4      | Found a runed translucent gate.
  2867 | D:4      | 2867 ||| SWAPPING to +0 orcbow.
  2871 | D:4      | 2871 ||| DROPPING +2 sling.
  2922 | D:4      | 2922 ||| READING 3 scrolls of identify.
  2922 | D:4      | 2922 ||| IDENTIFYING fizzy green potion
  2923 | D:4      | 2923 ||| READING 2 scrolls of identify.
  2923 | D:4      | 2923 ||| IDENTIFYING bubbling puce potion
  2924 | D:4      | 2924 ||| DROPPING potion of attraction.
  2938 | D:5      | Entered Level 5 of the Dungeon
  3041 | D:5      | Reached XP level 8. HP: 38/69 MP: 8/8
  3145 | D:5      | 3145 ||| READING scroll of enchant armour.
  3145 | D:5      | 3145 ||| ENCHANTING +0 pair of boots.
  3174 | D:5      | Reached skill level 9 in Ranged Weapons
  3194 | D:5      | Noticed Pikel
  3198 | D:5      | Reached skill level 3 in Dodging
  3198 | D:5      | 3198 ||| FLEEEEING.
  3199 | D:5      | 3199 ||| FLEEEEING.
  3200 | D:5      | 3200 ||| FLEEEEING.
  3201 | D:5      | 3201 ||| FLEEEEING.
  3202 | D:5      | 3202 ||| FLEEEEING.
  3203 | D:5      | 3203 ||| FLEEEEING.
  3204 | D:5      | 3204 ||| FLEEEEING.
  3205 | D:5      | 3205 ||| FLEEEEING.
  3206 | D:5      | 3206 ||| FLEEEEING.
  3207 | D:5      | 3207 ||| FLEEEEING.
  3208 | D:5      | 3208 ||| FLEEEEING.
  3209 | D:5      | 3209 ||| FLEEEEING.
  3210 | D:5      | 3210 ||| FLEEEEING.
  3211 | D:5      | 3211 ||| FLEEEEING.
  3212 | D:5      | 3212 ||| FLEEEEING.
  3213 | D:5      | 3213 ||| FLEEEEING.
  3214 | D:5      | 3214 ||| FLEEEEING.
  3215 | D:5      | 3215 ||| FLEEEEING.
  3216 | D:5      | 3216 ||| FLEEEEING.
  3217 | D:5      | 3217 ||| FLEEEEING.
  3218 | D:5      | 3218 ||| FLEEEEING.
  3219 | D:5      | 3219 ||| FLEEEEING.
  3220 | D:5      | 3220 ||| FLEEEEING.
  3221 | D:5      | 3221 ||| FLEEEEING.
  3222 | D:5      | 3222 ||| FLEEEEING.
  3225 | D:5      | 3225 ||| FLEEEEING.
  3226 | D:5      | 3226 ||| FLEEEEING.
  3227 | D:5      | 3227 ||| FLEEEEING.
  3228 | D:5      | 3228 ||| FLEEEEING.
  3229 | D:5      | 3229 ||| FLEEEEING.
  3230 | D:5      | 3230 ||| FLEEEEING.
  3231 | D:5      | 3231 ||| FLEEEEING.
  3232 | D:5      | 3232 ||| FLEEEEING.
  3233 | D:5      | 3233 ||| FLEEEEING.
  3234 | D:5      | 3234 ||| FLEEEEING.
  3235 | D:5      | 3235 ||| FLEEEEING.
  3236 | D:5      | 3236 ||| FLEEEEING.
  3237 | D:5      | 3237 ||| FLEEEEING.
  3238 | D:5      | 3238 ||| FLEEEEING.
  3239 | D:5      | 3239 ||| FLEEEEING.
  3240 | D:5      | 3240 ||| FLEEEEING.
  3241 | D:5      | 3241 ||| FLEEEEING.
  3242 | D:5      | 3242 ||| FLEEEEING.
  3243 | D:5      | 3243 ||| FLEEEEING.
  3244 | D:5      | 3244 ||| FLEEEEING.
  3245 | D:5      | 3245 ||| FLEEEEING.
  3246 | D:5      | 3246 ||| FLEEEEING.
  3247 | D:5      | 3247 ||| FLEEEEING.
  3248 | D:5      | 3248 ||| FLEEEEING.
  3249 | D:5      | 3249 ||| FLEEEEING.
  3250 | D:5      | 3250 ||| FLEEEEING.
  3251 | D:5      | 3251 ||| FLEEEEING.
  3252 | D:5      | 3252 ||| FLEEEEING.
  3253 | D:5      | 3253 ||| FLEEEEING.
  3254 | D:5      | 3254 ||| FLEEEEING.
  3255 | D:5      | 3255 ||| FLEEEEING.
  3267 | D:5      | Killed Pikel
  3467 | D:5      | Noticed Dowan
  3467 | D:5      | Noticed Duvessa
  3478 | D:5      | Killed Duvessa
  3483 | D:5      | Killed Dowan
  3555 | D:5      | Noticed Ijyb
  3564 | D:5      | Killed Ijyb
  3620 | D:5      | Reached XP level 9. HP: 77/82 MP: 9/9
  3706 | D:5      | Reached skill level 10 in Ranged Weapons
  4079 | D:5      | 4079 ||| UPGRADING to +1 robe of fire resistance.
  4089 | D:5      | 4089 ||| DRINKING 2 murky blue potions.
  4129 | D:6      | Found a runed translucent gate.
  4129 | D:6      | Found a runed translucent gate.
  4129 | D:6      | Found a runed translucent gate.
  4202 | D:6      | Noticed qw's ghost (novice GrFi)
  4230 | D:6      | Found a staircase to the Ecumenical Temple.
  4231 | D:6      | 4231 ||| PLANNING TEMPLE
  4231 | D:6      | 4231 ||| UPGRADING to amulet of regeneration.
  4246 | Temple   | Entered the Ecumenical Temple
  4270 | Temple   | 4270 ||| PLANNING OKAWARU WORSHIP
  4327 | Temple   | Became a worshipper of Warmaster Okawaru
  4328 | Temple   | 4328 ||| PLANNING D:1-11
  4435 | D:6      | 4435 ||| Stepping ~*~*~tactically~*~*~ (outnumbered).
  4529 | D:6      | 4529 ||| SWAPPING to +0 arbalest.
  4530 | D:6      | 4530 ||| DROPPING +0 orcbow.
  5097 | D:7      | Found Venera's Dragon-Slaying Spoils.
  5104 | D:7      | 5104 ||| SHOPLISTING +0 steam dragon scales (520 gold, have
                  | 289).
  5104 | D:7      | 5104 ||| SHOPLISTING +0 swamp dragon scales (650 gold, have
                  | 289).
  5104 | D:7      | 5104 ||| SHOPLISTING +5 acid dragon scales of Faman {rCorr
                  | Int-5 Dex+3 Stlth+} (917 gold, have 289).
  5104 | D:7      | 5104 ||| SHOPLISTING quicksilver dragon scales (780 gold,
                  | have 289).
  5176 | D:7      | Reached skill level 11 in Ranged Weapons
  5176 | D:7      | 5176 ||| Stepping ~*~*~tactically~*~*~ (outnumbered).
  5177 | D:7      | 5177 ||| Stepping ~*~*~tactically~*~*~ (outnumbered).
  5184 | D:7      | Reached * piety under Okawaru
  5185 | D:7      | 5185 ||| INVOKING Heroism.
  5186 | D:7      | 5186 ||| INVOKING Heroism.
  5194 | D:7      | Noticed a manticore
  5196 | D:7      | 5196 ||| FLEEEEING.
  5197 | D:7      | 5197 ||| FLEEEEING.
  5204 | D:7      | 5204 ||| FLEEEEING.
  5205 | D:7      | 5205 ||| FLEEEEING.
  5206 | D:7      | 5206 ||| FLEEEEING.
  5207 | D:7      | 5207 ||| FLEEEEING.
  5208 | D:7      | 5208 ||| FLEEEEING.
  5209 | D:7      | 5209 ||| FLEEEEING.
  5210 | D:7      | 5210 ||| FLEEEEING.
  5211 | D:7      | 5211 ||| FLEEEEING.
  5218 | D:7      | Killed a manticore
  5284 | D:7      | 5284 ||| INVOKING Heroism.
  5287 | D:7      | Reached skill level 12 in Ranged Weapons
  5290 | D:7      | Identified the +4 ring mail of Leapenin {Harm *Corrode
                  | rElec Str-4}
  5303 | D:7      | 5303 ||| FLEEEEING.
  5304 | D:7      | 5304 ||| FLEEEEING.
  5331 | D:7      | Reached skill level 1 in Invocations
  5333 | D:7      | 5333 ||| Stepping ~*~*~tactically~*~*~ (outnumbered).
  5343 | D:7      | 5343 ||| INVOKING Heroism.
  5490 | D:7      | 5490 ||| INVOKING Heroism.
  5494 | D:7      | Reached skill level 6 in Dodging
  5689 | D:7      | Reached XP level 10. HP: 82/89 MP: 10/10
  5700 | D:7      | 5700 ||| FLEEEEING.
  5702 | D:7      | 5702 ||| FLEEEEING.
  5703 | D:7      | 5703 ||| FLEEEEING.
  5704 | D:7      | 5704 ||| FLEEEEING.
  5705 | D:7      | 5705 ||| FLEEEEING.
  5706 | D:7      | 5706 ||| FLEEEEING.
  5713 | D:7      | 5713 ||| INVOKING Heroism.
  5776 | D:7      | 5776 ||| INVOKING Heroism.
  5890 | D:7      | 5890 ||| UPGRADING to +0 pair of gloves.
  5895 | D:7      | 5895 ||| READING scroll labelled TATING UQOCE.
  5932 | D:7      | 5932 ||| DRINKING 2 fuming emerald potions.
  5965 | D:7      | 5965 ||| DRINKING 2 bubbling black potions.
  5966 | D:7      | 5966 ||| READING 3 scrolls of identify.
  5966 | D:7      | 5966 ||| IDENTIFYING murky white potion
  5967 | D:7      | 5967 ||| DROPPING potion of lignification.
  5968 | D:7      | 5968 ||| DROPPING potion of brilliance.
  6296 | D:8      | 6296 ||| INVOKING Heroism.
  6347 | D:8      | Found a shimmering blue altar of Sif Muna.
  6434 | D:8      | Noticed Erica
  6435 | D:8      | 6435 ||| INVOKING Heroism.
  6438 | D:8      | 6438 ||| DRINKING potion of curing.
  6438 | D:8      | 6438 ||| (to cure confusion)
  6447 | D:8      | Killed Erica
  6448 | D:8      | Reached skill level 13 in Ranged Weapons
  6448 | D:8      | HP: 11/89 [orc warrior/+0 dire flail (17)]
  6449 | D:8      | 6449 ||| READING 3 scrolls of teleportation.
  6450 | D:8      | 6450 ||| DRINKING 2 potions of heal wounds.
  6452 | D:8      | Reached skill level 3 in Invocations
  6452 | D:8      | 6452 ||| INVOKING Heroism.
  6520 | D:8      | Noticed a two-headed ogre
  6521 | D:8      | 6521 ||| INVOKING Heroism.
  6527 | D:8      | Killed a two-headed ogre
  6527 | D:8      | Reached ** piety under Okawaru
  6528 | D:8      | Reached skill level 9 in Fighting
  6542 | D:8      | 6542 ||| FLEEEEING.
  6543 | D:8      | 6543 ||| FLEEEEING.
  6544 | D:8      | 6544 ||| FLEEEEING.
  6545 | D:8      | 6545 ||| FLEEEEING.
  6556 | D:8      | 6556 ||| INVOKING Heroism.
  6693 | D:8      | Found Nineini's Magic Scroll Emporium.
  6701 | D:8      | 6701 ||| SHOPLISTING scroll of acquirement (676 gold, have
                  | 438).
  6701 | D:8      | 6701 ||| BUYING scroll of enchant armour (97 gold).
  6701 | D:8      | Bought a scroll of enchant armour for 97 gold pieces
  6701 | D:8      | 6701 ||| BUYING scroll of identify (26 gold).
  6701 | D:8      | Bought a scroll of identify for 26 gold pieces
  6701 | D:8      | 6701 ||| BUYING scroll of teleportation (39 gold).
  6701 | D:8      | Bought a scroll of teleportation for 39 gold pieces
  6701 | D:8      | 6701 ||| BUYING scroll of teleportation (39 gold).
  6701 | D:8      | Bought a scroll of teleportation for 39 gold pieces
  6701 | D:8      | 6701 ||| READING scroll of enchant armour.
  6701 | D:8      | 6701 ||| ENCHANTING +0 pair of gloves.
  6856 | D:8      | 6856 ||| UPGRADING to amulet of faith.
  6866 | D:8      | 6866 ||| DROPPING ring of flight.
  6889 | D:9      | 6889 ||| STAIRDANCE
  7014 | D:9      | Found Oweritygh's Weapon Emporium.
  7134 | D:9      | Found Yschoxy's Book Shop.
  7168 | D:9      | Found Tiphixku's Weapon Boutique.
  7178 | D:9      | Found Larch's Assorted Antiques.
  7187 | D:9      | 7187 ||| BUYING fuming cyan potion (28 gold).
  7187 | D:9      | Bought a fuming cyan potion for 28 gold pieces
  7187 | D:9      | 7187 ||| BUYING grey potion (28 gold).
  7187 | D:9      | Bought a grey potion for 28 gold pieces
  7187 | D:9      | 7187 ||| SHOPLISTING pair of runed gloves (240 gold, have
                  | 235).
  7187 | D:9      | 7187 ||| BUYING runed iron wand (128 gold).
  7187 | D:9      | Bought a runed iron wand for 128 gold pieces
  7187 | D:9      | 7187 ||| BUYING scroll labelled SAITTE GOMEXIE (32 gold).
  7187 | D:9      | Bought a scroll labelled SAITTE GOMEXIE for 32 gold pieces
  7187 | D:9      | 7187 ||| BUYING scroll labelled TEMIECUREH (32 gold).
  7187 | D:9      | Bought a scroll labelled TEMIECUREH for 32 gold pieces
  7187 | D:9      | 7187 ||| SHOPLISTING scroll of identify (64 gold, have 43).
  7187 | D:9      | 7187 ||| SHOPLISTING scroll of teleportation (96 gold, have
                  | 43).
  7214 | D:9      | Reached skill level 14 in Ranged Weapons
  7214 | D:9      | Reached *** piety under Okawaru
  7262 | D:9      | 7262 ||| READING scroll of enchant weapon.
  7262 | D:9      | 7262 ||| ENCHANTING +0 arbalest.
  7333 | D:9      | Found a runed translucent door.
  7333 | D:9      | Noticed qw's ghost (journeyman GrFi)
  7386 | D:9      | 7386 ||| INVOKING Heroism.
  7486 | D:9      | Found Ballykh's Jewellery Shop.
  7495 | D:9      | 7495 ||| SHOPLISTING +5 ring of evasion (432 gold, have
                  | 61).
  7495 | D:9      | 7495 ||| SHOPLISTING ring "Qiwn" {Fly Dex+3} (369 gold,
                  | have 61).
  7495 | D:9      | 7495 ||| SHOPLISTING ring of Okawaru's Reproof {rElec Will+
                  | rCorr Dex+7 Slay-3} (560 gold, have 61).
  7495 | D:9      | 7495 ||| SHOPLISTING ring of poison resistance (240 gold,
                  | have 61).
  7495 | D:9      | 7495 ||| SHOPLISTING ring of willpower (300 gold, have 61).
  7599 | D:9      | 7599 ||| READING scroll labelled SAITTE GOMEXIE.
  7600 | D:9      | 7600 ||| READING scroll labelled TEMIECUREH.
  7601 | D:9      | 7601 ||| READING 5 scrolls of identify.
  7601 | D:9      | 7601 ||| IDENTIFYING fuming cyan potion
  7602 | D:9      | 7602 ||| READING 4 scrolls of identify.
  7602 | D:9      | 7602 ||| IDENTIFYING grey potion
  7603 | D:9      | 7603 ||| DROPPING potion of invisibility.
  7604 | D:9      | 7604 ||| DROPPING wand of polymorph (6).
  7613 | D:10     | Entered Level 10 of the Dungeon
  7644 | D:10     | 7644 ||| INVOKING Heroism.
  7647 | D:10     | 7647 ||| Stepping ~*~*~tactically~*~*~ (outnumbered).
  7661 | D:10     | Reached XP level 11. HP: 75/97 MP: 13/13
  7664 | D:10     | 7664 ||| INVOKING Heroism.
  7680 | D:10     | Reached **** piety under Okawaru
  7783 | D:10     | Found a staircase to the Lair.
  7799 | D:10     | 7799 ||| INVOKING Heroism.
  7922 | D:10     | 7922 ||| Stepping ~*~*~tactically~*~*~ (outnumbered).
  7924 | D:10     | 7924 ||| Stepping ~*~*~tactically~*~*~ (outnumbered).
  7927 | D:10     | 7927 ||| Stepping ~*~*~tactically~*~*~ (outnumbered).
  8226 | D:10     | Noticed a two-headed ogre
  8227 | D:10     | 8227 ||| INVOKING Heroism.
  8231 | D:10     | Killed a two-headed ogre
  8243 | D:10     | 8243 ||| READING 4 scrolls of identify.
  8243 | D:10     | 8243 ||| IDENTIFYING inky potion
  8244 | D:10     | 8244 ||| READING 3 scrolls of identify.
  8244 | D:10     | 8244 ||| IDENTIFYING smoky purple potion
  8245 | D:10     | 8245 ||| DROPPING potion of degeneration.
  8246 | D:10     | 8246 ||| DROPPING potion of ambrosia.
  8413 | D:9      | 8413 ||| SHOPLISTING +2 orcbow of freezing (292 gold, have
                  | 121).
  8413 | D:9      | 8413 ||| PLANNING LAIR
  8459 | Lair:1   | Entered Level 1 of the Lair of Beasts
  8506 | Lair:1   | 8506 ||| Stepping ~*~*~tactically~*~*~ (outnumbered).
  8508 | Lair:1   | 8508 ||| INVOKING Heroism.
  8514 | Lair:1   | HP: 17/99 [rime drake/icy flash freeze (35)]
  8515 | Lair:1   | 8515 ||| READING 5 scrolls of teleportation.
  8519 | Lair:1   | HP: 13/99 [poisoned by a cane toad]
  8520 | Lair:1   | 8520 ||| DRINKING 2 potions of heal wounds.
  8530 | Lair:1   | HP: 18/99 [blink frog (7)]
  8531 | Lair:1   | 8531 ||| READING 4 scrolls of teleportation.
  8532 | Lair:1   | 8532 ||| DRINKING potion of heal wounds.
  8534 | Lair:1   | Reached skill level 6 in Invocations
  8536 | Lair:1   | 8536 ||| INVOKING Heroism.
  8538 | Lair:1   | 8538 ||| READING 3 scrolls of teleportation.
  8539 | Lair:1   | HP: 20/99 [bullfrog (4)]
  8540 | Lair:1   | Reached skill level 15 in Ranged Weapons
  8540 | Lair:1   | Reached ***** piety under Okawaru
  8645 | Lair:1   | 8645 ||| INVOKING Heroism.
  8682 | Lair:1   | 8682 ||| INVOKING Heroism.
  8795 | Lair:1   | 8795 ||| INVOKING Heroism.
  8948 | Lair:1   | 8948 ||| INVOKING Heroism.
  8995 | Lair:1   | 8995 ||| INVOKING Heroism.
  9580 | Lair:1   | 9580 ||| UPGRADING to +2 pair of gloves.
  9590 | Lair:1   | 9590 ||| DROPPING +1 pair of gloves.
  9591 | Lair:1   | 9591 ||| DROPPING amulet of the acrobat.
  9643 | Lair:2   | 9643 ||| INVOKING Heroism.
  9645 | Lair:2   | Noticed a four-headed hydra
  9650 | Lair:2   | 9650 ||| STAIRDANCE
  9865 | Lair:2   | 9865 ||| INVOKING Heroism.
  9871 | Lair:2   | Killed a four-headed hydra
  9875 | Lair:2   | 9875 ||| STAIRDANCE
  9992 | Lair:2   | 9992 ||| STAIRDANCE
  9994 | Lair:1   | 9994 ||| INVOKING Heroism.
  9998 | Lair:1   | Reached XP level 12. HP: 36/106 MP: 13/16
  9998 | Lair:1   | HP: 25/106 [yak[a torpor snail] (3)]
  9999 | Lair:1   | 9999 ||| READING 2 scrolls of teleportation.
 10222 | Lair:1   | 10222 ||| INVOKING Heroism.
 10261 | Lair:2   | 10261 ||| INVOKING Heroism.
 10271 | Lair:2   | 10271 ||| STAIRDANCE
 10276 | Lair:1   | Reached skill level 16 in Ranged Weapons
 10473 | Lair:2   | Noticed a six-headed hydra
 10474 | Lair:2   | 10474 ||| INVOKING Heroism.
 10482 | Lair:2   | Killed a six-headed hydra
 10692 | Lair:2   | 10692 ||| INVOKING Heroism.
 10727 | Lair:2   | 10727 ||| INVOKING Heroism.
 10741 | Lair:2   | HP: 26/106 [poisoned by a cane toad]
 10746 | Lair:2   | HP: 22/106 [poisoned by a cane toad]
 10991 | Lair:2   | Reached skill level 9 in Invocations
 10992 | Lair:2   | Noticed a death yak
 10993 | Lair:2   | 10993 ||| INVOKING Heroism.
 10997 | Lair:2   | 10997 ||| INVOKING Finesse.
 11006 | Lair:2   | Killed a death yak
 11081 | Lair:2   | 11081 ||| INVOKING Heroism.
 11101 | Lair:2   | 11101 ||| INVOKING Heroism.
 11266 | Lair:2   | Noticed a catoblepas
 11267 | Lair:2   | 11267 ||| INVOKING Heroism.
 11269 | Lair:2   | 11269 ||| Stepping ~*~*~tactically~*~*~ (cloud).
 11272 | Lair:2   | Killed a catoblepas
 11370 | Lair:2   | 11370 ||| INVOKING Heroism.
 11450 | Lair:2   | Reached skill level 3 in Armour
 11458 | Lair:2   | 11458 ||| INVOKING Heroism.
 11710 | Lair:2   | Found an ornate altar of the Wu Jian Council.
 11790 | Lair:2   | 11790 ||| INVOKING Heroism.
 11873 | Lair:2   | 11873 ||| INVOKING Heroism.
 12168 | Lair:2   | 12168 ||| DROPPING ring of resist corrosion.
 12169 | Lair:2   | 12169 ||| READING 4 scrolls labelled CAURARUM WOE.
 12170 | Lair:2   | 12170 ||| READING 3 scrolls of brand weapon.
 12170 | Lair:2   | 12170 ||| BRANDING +1 arbalest of draining.
 12171 | Lair:2   | 12171 ||| READING 2 scrolls of brand weapon.
 12171 | Lair:2   | 12171 ||| BRANDING +1 arbalest of flaming.
 12172 | Lair:2   | 12172 ||| READING scroll of brand weapon.
 12172 | Lair:2   | 12172 ||| BRANDING +1 arbalest of electrocution.
 12229 | Lair:3   | 12229 ||| INVOKING Heroism.
 12388 | Lair:3   | 12388 ||| INVOKING Heroism.
 12391 | Lair:3   | Reached skill level 17 in Ranged Weapons
 12405 | Lair:3   | Identified the +3 longbow of Cixaj {heavy, Int+3} (Okawaru
                  | gifted it to you on level 3 of the Lair of Beasts)
 12405 | Lair:3   | Received a gift from Okawaru
 12408 | Lair:3   | 12408 ||| SWAPPING to +3 longbow of Cixaj {heavy, Int+3}.
 12409 | Lair:3   | 12409 ||| DROPPING +1 heavy arbalest.
 12420 | Lair:3   | Found a runed translucent door.
 12487 | Lair:3   | Found a staircase to the Snake Pit.
 12488 | Lair:3   | 12488 ||| Stepping ~*~*~tactically~*~*~ (outnumbered).
 12494 | Lair:3   | 12494 ||| INVOKING Heroism.
 12515 | Lair:3   | Reached XP level 13. HP: 88/116 MP: 19/19
 12597 | Lair:3   | Found a staircase to the Shoals.
 12599 | Lair:3   | 12599 ||| INVOKING Heroism.
 12904 | Lair:3   | 12904 ||| DROPPING ring of willpower.
 12905 | Lair:3   | 12905 ||| READING scroll labelled QOACHO AH YMY.
 13129 | Lair:4   | 13129 ||| INVOKING Heroism.
 13331 | Lair:4   | 13331 ||| INVOKING Heroism.
 13357 | Lair:4   | Noticed Sonja
 13358 | Lair:4   | 13358 ||| INVOKING Finesse.
 13361 | Lair:4   | Killed Sonja
 13403 | Lair:4   | Identified the +0 sling "Ynic" {elec, rC+}
 13413 | Lair:4   | 13413 ||| DROPPING amulet of magic regeneration.
 13415 | Lair:4   | 13415 ||| INVOKING Heroism.
 13420 | Lair:4   | Reached skill level 18 in Ranged Weapons
 13638 | Lair:4   | Found a viscous altar of Jiyva.
 13638 | Lair:4   | Found a staircase to the Slime Pits.
 13731 | Lair:4   | 13731 ||| INVOKING Heroism.
 13916 | Lair:4   | 13916 ||| INVOKING Heroism.
 14175 | Lair:5   | Entered Level 5 of the Lair of Beasts
 14201 | Lair:5   | Reached skill level 12 in Fighting
 14346 | Lair:5   | 14346 ||| INVOKING Heroism.
 14427 | Lair:5   | 14427 ||| INVOKING Heroism.
 14433 | Lair:5   | 14433 ||| INVOKING Finesse.
 14439 | Lair:5   | Reached skill level 9 in Dodging
 14510 | Lair:5   | Received a gift from Okawaru
 14523 | Lair:5   | 14523 ||| INVOKING Heroism.
 14524 | Lair:5   | 14524 ||| INVOKING Finesse.
 14533 | Lair:5   | Received a gift from Okawaru
 14540 | Lair:5   | Identified the +6 plate armour of the Earth {rC- Str+8
                  | Int+3 Stlth-} (Okawaru gifted it to you on level 5 of the
                  | Lair of Beasts)
 14540 | Lair:5   | Received a gift from Okawaru
 14690 | Lair:5   | 14690 ||| INVOKING Heroism.
 14691 | Lair:5   | Reached skill level 19 in Ranged Weapons
 14997 | Lair:5   | 14997 ||| INVOKING Heroism.
 15239 | Lair:5   | Noticed a dire elephant
 15240 | Lair:5   | 15240 ||| INVOKING Heroism.
 15241 | Lair:5   | 15241 ||| INVOKING Finesse.
 15252 | Lair:5   | Killed a dire elephant
 15403 | Lair:5   | 15403 ||| PLANNING D:1-11
 15403 | Lair:5   | 15403 ||| DROPPING +0 ring mail.
 15404 | Lair:5   | 15404 ||| DROPPING +4 ring mail of Leapenin {Harm *Corrode
                  | rElec Str-4}.
 15405 | Lair:5   | 15405 ||| UPGRADING to +0 troll leather armour.
 15745 | D:11     | Noticed Maurice
 15756 | D:11     | Killed Maurice
 15756 | D:11     | Noticed Gastronok
 15757 | D:11     | 15757 ||| INVOKING Heroism.
 15764 | D:11     | Killed Gastronok
 15765 | D:11     | Reached XP level 14. HP: 123/127 MP: 18/20
 15954 | D:11     | Noticed Grum
 15955 | D:11     | 15955 ||| INVOKING Heroism.
 15958 | D:11     | Killed Grum
 16293 | D:11     | 16293 ||| PLANNING D
 16293 | D:11     | 16293 ||| UPGRADING to +0 cloak.
 16298 | D:11     | 16298 ||| DROPPING scarf of shadows.
 16317 | D:12     | 16317 ||| INVOKING Heroism.
 16323 | D:12     | 16323 ||| Stepping ~*~*~tactically~*~*~ (outnumbered).
 16326 | D:12     | Reached skill level 6 in Armour
 16330 | D:12     | HP: 22/127 [skeletal warrior/+2 glaive of venom (18)]
 16331 | D:12     | 16331 ||| READING 3 scrolls of teleportation.
 16331 | D:12     | Mangled by a skeletal warrior

Levels and vault maps discovered:
D:1:      nzn_arrival_depleted_hourglass, layout_basic
D:2:      layout_loops_cross, ebering_ecumenical_altar_mist, basic_altar,
          kennysheep_jessica_study, uniq_robin
D:3:      layout_loops_ring, hex_large
D:4:      layout_basic, gammafunk_ghost_split, nicolae_the_louvre, uniq_grinder
D:5:      layout_cave_pods, st_stairs_2, uniq_duvessa, uniq_pikel, uniq_ijyb
D:6:      layout_basic, minmay_temple_entry_grid, gammafunk_ghost_icy
D:7:      wad_guarded_room, layout_rooms, nicolae_shop_dragon_depot,
          st_stairs_11
D:8:      layout_gridville, nicolae_sif_muna_condensation, serial_shops, shop,
          roderic_roman_lattice, uniq_erica
D:9:      layout_basic, hellmonk_ghost_happy_afterlife, serial_shops,
          nicolae_shop_real_fake_doors,
          nicolae_shop_temple_entry_statues_fountains, shop,
          nicolae_stop_n_shop_1, nicolae_take_the_stairs, minmay_misc_feat_x
D:10:     layout_roguey, hellmonk_lair_entry_icy
D:11:     layout_basic, uniq_grum, uniq_maurice, uniq_gastronok
D:12:     layout_rooms, erik_orc_3
Temple:   grunt_wide_crystal_templ
Lair:1:   layout_hall_layers, lemuel_fruit_fields
Lair:2:   kb_forest_paths, layout_regular_city, basic_altar
Lair:3:   layout_cave_shapes, elwin_shoals_entry_rocks,
          minmay_snake_entry_guardpost_small, pf_torpor_hydra
Lair:4:   layout_gridlike, dpeg_slime_entry_corner, beast_lair_carwin_9,
          uniq_sonja
Lair:5:   grunt_lair_end_beastmaster, layout_big_grid, serial_bayou_pond_d,
          nicolae_quartered_pool_little, chequers_serial_rivers_micro_e,
          serial_bayou_shore_a

Skill      XL: |  1  2  3  4  5  6  7  8  9 10 11 12 13 14 |
---------------+-------------------------------------------+-----
Ranged Weapons | 3 4 5 7 8 9 12 14 15 17 19 | 19.0
Fighting       | 2 4 5 8 9 10 11 12 13 | 13.0
Armour         | 1 2 3 5 6 |  6.0
Dodging        | 3 6 7 8 9 |  9.2
Invocations    | 2 4 7 10 | 10.0
Spellcasting   | |  1.0
Hexes          | |  2.0

Action                     |  1- 3 |  4- 6 |  7- 9 | 10-12 | 13-15 || total
---------------------------+-------+-------+-------+-------+-------++-------
   Fire: Sling             |    95 |    97 |    30 |       |       ||   222
         Orcbow            |       |       |   139 |       |       ||   139
         Arbalest          |       |       |   103 |   521 |       ||   624
         Longbow           |       |       |       |    12 |   235 ||   247
 Invoke: Heroism           |       |       |     4 |    38 |    15 ||    57
         Finesse           |       |       |       |     1 |     4 ||     5
    Use: Scroll            |     4 |     6 |     3 |    19 |     2 ||    34
         Potion            |       |     3 |     1 |     6 |       ||    10
 Armour: Robe              |     3 |       |     7 |    69 |    12 ||    91
         Ring mail         |     4 |    24 |    20 |       |       ||    48
         Troll leather arm |       |       |       |       |    10 ||    10
  Dodge: Dodged            |    21 |    27 |    99 |   310 |    70 ||   527

Table legend:
 A = Non-vault XP
 B = Vault XP
 C = Vault XP percentage of total XP
 D = Non-vault monster count
 E = Vault monster count
 F = Vault count percentage of total count
                 A         B        C        D         E       F
            +---------+---------+-------+---------+---------+-------
      Total |   41983 |   25314 |  37.6 |     300 |     105 |  25.9
            +---------+---------+-------+---------+---------+-------
        D:1 |      41 |       0 |   0.0 |      24 |       0 |   0.0
        D:2 |      29 |      74 |  71.8 |      10 |      14 |  58.3
        D:3 |     264 |       0 |   0.0 |      22 |       0 |   0.0
        D:4 |     565 |     267 |  32.1 |      14 |       1 |   6.7
        D:5 |     658 |     993 |  60.1 |      14 |       7 |  33.3
        D:6 |     378 |       0 |   0.0 |      10 |       0 |   0.0
        D:7 |     644 |    2251 |  77.8 |      23 |      21 |  47.7
        D:8 |    2063 |     808 |  28.1 |      27 |       1 |   3.6
        D:9 |     881 |       0 |   0.0 |      14 |       0 |   0.0
       D:10 |    3678 |    1208 |  24.7 |      27 |       6 |  18.2
       D:11 |    2652 |    2270 |  46.1 |      17 |       5 |  22.7
       D:12 |    1525 |       0 |   0.0 |       2 |       0 |   0.0
     Lair:1 |    7453 |       0 |   0.0 |      29 |       0 |   0.0
     Lair:2 |    6755 |    5287 |  43.9 |      22 |      20 |  47.6
     Lair:3 |    4744 |     646 |  12.0 |      20 |       4 |  16.7
     Lair:4 |    3078 |    2681 |  46.6 |       9 |       8 |  47.1
     Lair:5 |    6575 |    8829 |  57.3 |      16 |      18 |  52.9
            +---------+---------+-------+---------+---------+-------
